 Dungeon Crawl Stone Soup version 0.30-a0-42-g806c11bf1d (webtiles) character file.

Game seed: 15499933836238522677

39 Destapler the Shield-Bearer (level 3, -1/36 HPs)
             Began as a Troll Fighter on Aug 30, 2022.
             Was a Follower of Uskayaw.
             Killed from afar by Sigmund (10 damage)
             ... with a puff of flame
             ... on level 2 of the Dungeon.
             The game lasted 00:03:05 (868 turns).

Destapler the Shield-Bearer (Troll Fighter)          Turns: 868, Time: 00:03:06

Health: -1/36      AC:  4    Str: 24    XL:     3   Next: 28%
Magic:  2/2        EV:  9    Int:  4    God:    Uskayaw [*.....]
Gold:   70         SH:  7    Dex: 11    Spells: 2/2 levels left

rFire   . . .      SeeInvis .    h - +2 mace (drain)
rCold   . . .      Faith    .    c - +0 kite shield
rNeg    . . .      Spirit   .    b - +0 robe
rPois   .          Reflect  .    (helmet restricted)
rElec   .          Harm     .    (no cloak)
rCorr   .          Rampage  .    (gloves unavailable)
Will    .....                    (boots unavailable)
Stlth   +.........               (no amulet)
HPRegen 0.92/turn                (no ring)
MPRegen 0.08/turn                (no ring)

@: mighty
A: large, unfitting armour, claws 3, regeneration 1, shaggy fur 1, tough skin 1
a: Renounce Religion, Stomp


You were on level 2 of the Dungeon.
You worshipped Uskayaw.
Uskayaw was noncommittal.
You visited 1 branch of the dungeon, and saw 2 of its levels.

You collected 70 gold pieces.

Inventory:

Hand Weapons
 a - a +0 flail
 h - a +2 mace of draining (weapon)
Missiles
 k - 3 javelins (quivered)
 o - 3 boomerangs
Armour
 b - a +0 robe (worn)
 c - a +0 kite shield (worn)
Scrolls
 g - 3 scrolls of identify {unknown}
 i - a scroll of vulnerability {unknown}
 j - a scroll of acquirement {unknown}
 l - 2 scrolls of teleportation {unknown}
 n - a scroll of enchant weapon {unknown}
Potions
 e - a potion of haste {unknown}
 f - 3 potions of curing {unknown}
 m - a potion of degeneration {unknown}


   Skills:
 + Level 2.7 Fighting
 + Level 2.2 Maces & Flails
 + Level 2.7 Dodging
 + Level 3.0 Shields


You had 2 spell levels left.
You didn't know any spells.
Your spell library was empty.

Dungeon Overview and Level Annotations

Branches:
Dungeon (2/15)

Altars:
Uskayaw

Annotations:
D:2 Sigmund


Innate Abilities, Weirdness & Mutations

You are too large for most types of armour.
You have claws for hands.
Your natural rate of healing is unusually fast.
You are covered in fur. (AC +1)
You have tough skin. (AC +1)


Message History

You are confused.
You closely miss something. Something hits you!
* * * LOW HITPOINT WARNING * * *
You completely miss something. Something hits you!
* * * LOW HITPOINT WARNING * * *
Something tries to affect you, but you resist.
You bump into the rock wall.
You feel less confused.
A puff of flame appears from out of thin air!
The puff of flame hits you!
* * * LOW HITPOINT WARNING * * *
You see here a rat corpse.
Your transformation is almost over.
You feel less batty.
Your +2 mace of draining unmelds from your body.
Your +0 kite shield unmelds from your body.
Your +0 robe unmelds from your body.
You sense an unholy aura.
You start waiting.
Sigmund is nearby!
You feel very mighty all of a sudden.
Sigmund casts a spell.
Sigmund flickers and vanishes!
Something completely misses you.
You barely miss something. You block something's attack.
You miss something. Something hits you.
You sock something! Something hits you!
You barely miss something. Something hits you.
You miss something. You miss something. Something hits you.
You miss something. Something hits you!
* * * LOW HITPOINT WARNING * * *
You miss something.
You hear some strange, mumbled words.
A magic dart appears from out of thin air!
The magic dart hits you.
* * * LOW HITPOINT WARNING * * *
You hear some strange, mumbled words.
A puff of flame appears from out of thin air!
The puff of flame hits you!
You die...

#.# # #.# # #.# #
#.# # #.# # #.# #
#.# #
###{###############
#.@................
###################


There were no monsters in sight!

Vanquished Creatures
  An adder (D:2)
  3 ball pythons
  4 bats
  3 endoplasms
  A giant cockroach (D:1)
  4 goblins (D:1)
  2 hobgoblins (D:1)
  2 jackals (D:1)
  A quokka (D:2)
  A frilled lizard (D:2)
  4 kobolds
  A rat (D:2)
27 creatures vanquished.

Notes
Turn   | Place    | Note
-------+----------+-------------------------------------------
     0 | D:1      | Destapler the Troll Fighter began the quest for the Orb.
     0 | D:1      | Reached XP level 1. HP: 22/22 MP: 0/0
    60 | D:1      | Found a faded altar of an unknown god.
    77 | D:1      | Prayed at the altar of an unknown god.
    77 | D:1      | Became a worshipper of Uskayaw the Reveller
    77 | D:1      | Reached * piety under Uskayaw
   132 | D:1      | Reached XP level 2. HP: 28/29 MP: 1/1
   132 | D:1      | Reached ** piety under Uskayaw
   353 | D:1      | Reached skill level 3 in Shields
   627 | D:2      | Reached XP level 3. HP: 25/36 MP: 2/2
   777 | D:2      | Noticed Sigmund
   868 | D:2      | Killed from afar by Sigmund

Illustrated notes

Levels and vault maps discovered:
D:1:      zaba_arrival_water, layout_rooms, basic_ecumenical_altar
D:2:      layout_basic, minmay_between, uniq_sigmund

Skill      XL: |  1  2 |
---------------+-------+-----
Maces & Flails | 2 |  2.2
Shields        | 3 |  3.0
Fighting       | |  2.7
Dodging        | |  2.7

Action                   || total
-------------------------++-------
Melee: Flail             ||    29
       Mace              ||    58
       Unarmed           ||     3
  Use: Potion            ||     1
Armor: Robe              ||    53
Dodge: Dodged            ||    43
Block: Kite shield       ||    48

Table legend: (Time is in decaauts)
 A = Elapsed time spent in this place.
 B = Non-inter-level travel time spent in this place.
 C = Inter-level travel time spent in this place.
 D = Time resting spent in this place.
 E = Time spent auto-exploring this place.
 F = Levels seen in this place.
 G = Mean time per level.
                   A        B        C        D        E       F      G
               +--------+--------+--------+--------+--------+-----+--------+
         Total |    892 |    883 |      9 |     14 |    563 |   2 |  446.0 |
       Dungeon |    892 |    883 |      9 |     14 |    563 |   2 |  446.0 |
               +--------+--------+--------+--------+--------+-----+--------+

Top non-repeatable levels by time:
     D:1: 493 daAuts
     D:2: 399 daAuts
